[Event "Titled Tuesday Blitz July 25 Early 2023"]
[White "Antal, Gergely"]
[Black "Vitiugov, Nikita"]
[WhiteFideId "717312"]
[BlackFideId "4152956"]
[WhiteElo "2687"]
[BlackElo "2843"]
[Result "1/2-1/2"]
[Round "6"]
[TimeControl "180+2"]
[Date "2023.07.25"]
[WhiteClock "0:00:16"]
[BlackClock "0:00:16"]
[Board "30"]

1. Nc3 e5 2. e4 Nc6 3. g3 h5 4. h3 Bc5 5. d3 h4 6. g4 d6 7. Nge2 a6 8. Bg2 Nf6 9. f4 Bxg4 10. hxg4 Nxg4 11. d4 exd4 12. Nxd4 Nxd4 13. Qxg4 Nxc2+ 14. Kd1 Nxa1 15. Qxg7 Rf8 16. Nd5 c6 17. Nf6+ Ke7 18. f5 Qa5 19. Bg5 Qxa2 20. Nh7+ Kd7 21. Nxf8+ Rxf8 22. Qxf8 Qb3+ 23. Ke2 Qc2+ 24. Bd2 Qc4+ 25. Kd1 Qb3+ 26. Ke2 Qc4+ 27. Kd1 Qb3+ 28. Ke2 Qc4+ 1/2-1/2


[Site "https://www.chess.com"]

[Event "Titled Tuesday Blitz July 25 Early 2023"]
[White "Manelyuk, Daniil"]
[Black "Sychev, Klementy"]
[WhiteFideId "44173920"]
[BlackFideId "4114060"]
[WhiteElo "2671"]
[BlackElo "2843"]
[Result "0-1"]
[Round "6"]
[TimeControl "180+2"]
[Date "2023.07.25"]
[WhiteClock "0:01:16"]
[BlackClock "0:02:30"]
[Board "31"]

1. e4 e5 2. Nf3 Nc6 3. Bb5 a6 4. Ba4 f5 5. d3 fxe4 6. dxe4 Nf6 7. Nbd2 Bc5 8. O-O d6 9. h3 O-O 10. Bb3+ Kh8 11. Qe2 Nh5 12. Nc4 Ng3 13. Qd3 Nb4 14. Qc3 Ne2+ 0-1


[Site "https://www.chess.com"]

[Event "Titled Tuesday Blitz July 25 Early 2023"]
[White "Kezin, Roman"]
[Black "ArtemDyachuk"]
[WhiteFideId "24124621"]
[WhiteElo "2836"]
[BlackElo "2614"]
[Result "1-0"]
[Round "6"]
[TimeControl "180+2"]
[Date "2023.07.25"]
[WhiteClock "0:00:36"]
[BlackClock "0:00:18"]
[Board "32"]

1. e4 c6 2. d3 d5 3. Nf3 Qc7 4. Nc3 Nf6 5. e5 Nfd7 6. d4 e6 7. Ne2 c5 8. c3 Nc6 9. a3 Be7 10. h4 h6 11. Nf4 cxd4 12. cxd4 a6 13. Bd3 b5 14. Rh3 Bb7 15. Rg3 g5 16. Nh5 O-O-O 17. Be3 gxh4 18. Rg7 Rhg8 19. Rxf7 Rxg2 20. Rc1 Bg5 21. Bxg5 hxg5 22. Kf1 h3 23. Ng7 g4 24. Nh4 Rh8 25. Nxe6 Qb6 26. Bh7 Nxe5 27. dxe5 Rxh7 28. Rf8+ Kd7 29. Qxd5+ Ke7 30. Qd6# 1-0


[Site "https://www.chess.com"]

[Event "Titled Tuesday Blitz July 25 Early 2023"]
[White "Kravtsiv, Martyn"]
[Black "Ezat, Mohamed"]
[WhiteFideId "14113147"]
[BlackFideId "10600906"]
[WhiteElo "2835"]
[BlackElo "2592"]
[Result "1-0"]
[Round "6"]
[TimeControl "180+2"]
[Date "2023.07.25"]
[WhiteClock "0:01:12"]
[BlackClock "0:00:20"]
[Board "33"]

1. e4 e5 2. Nf3 Nc6 3. Nc3 Nf6 4. a4 a6 5. d4 exd4 6. Nxd4 Bb4 7. Nxc6 bxc6 8. Bd3 O-O 9. O-O d5 10. Bd2 Re8 11. Re1 d4 12. Nb1 Bd6 13. h3 c5 14. Na3 Nd7 15. f4 Qh4 16. Qf3 Bb7 17. Nc4 f5 18. Na5 fxe4 19. Bxe4 Bxe4 20. Rxe4 Nf6 21. Rxe8+ Rxe8 22. Nc4 Qh5 23. g4 Qd5 24. Qxd5+ Nxd5 25. f5 Bf4 26. Re1 Rxe1+ 27. Bxe1 Kf7 28. Kf2 g6 29. Kf3 gxf5 30. gxf5 Bd6 31. Bd2 Nb6 32. Nxb6 c6 33. Ke4 1-0


[Site "https://www.chess.com"]

[Event "Titled Tuesday Blitz July 25 Early 2023"]
[White "Yaran, Siar"]
[Black "Bachmann, Axel"]
[WhiteFideId "6323006"]
[BlackFideId "3700488"]
[WhiteElo "2606"]
[BlackElo "2825"]
[Result "1-0"]
[Round "6"]
[TimeControl "180+2"]
[Date "2023.07.25"]
[WhiteClock "0:00:17"]
[BlackClock "0:00:00"]
[Board "34"]

1. d4 g6 2. c4 Bg7 3. Nc3 d6 4. e4 e5 5. Nf3 exd4 6. Nxd4 Nc6 7. Nxc6 bxc6 8. Be2 Ne7 9. O-O Rb8 10. Qc2 O-O 11. Rd1 c5 12. Be3 Bd7 13. Rab1 Nc6 14. Bf1 Nd4 15. Qd2 f5 16. Bg5 Qe8 17. exf5 Bxf5 18. Rbc1 Qf7 19. b3 Bd7 20. Nd5 Bc6 21. Ne7+ Kh8 22. Nxc6 Nxc6 23. Re1 Rbe8 24. Rxe8 Rxe8 25. Re1 Ne5 26. Re3 Rf8 27. Qe1 h6 28. Bh4 Qf5 29. Bg3 Qc2 30. Re2 Qf5 31. Re3 Rf7 32. h3 g5 33. Qd2 a6 34. Qd5 h5 35. h4 gxh4 36. Bxh4 Qg6 37. Rg3 Qf5 38. Rg5 Qf4 39. Rxh5+ Kg8 40. Bg3 Qc1 41. Rf5 c6 42. Qe6 Qe1 43. Bxe5 1-0


[Site "https://www.chess.com"]

[Event "Titled Tuesday Blitz July 25 Early 2023"]
[White "Ashraf, Artin"]
[Black "Zavgorodniy, Sergiy"]
[WhiteFideId "22514805"]
[BlackFideId "14110148"]
[WhiteElo "2805"]
[BlackElo "2575"]
[Result "1-0"]
[Round "6"]
[TimeControl "180+2"]
[Date "2023.07.25"]
[WhiteClock "0:00:08"]
[BlackClock "0:00:00"]
[Board "35"]

1. c4 Nf6 2. Nc3 d6 3. d4 Nbd7 4. e4 e5 5. Nf3 Be7 6. Be2 O-O 7. O-O c6 8. d5 Nc5 9. Qc2 cxd5 10. cxd5 Qc7 11. Qb1 Bd7 12. Bd2 Rac8 13. Rc1 Qb8 14. Ne1 b5 15. b4 Na4 16. Nxa4 bxa4 17. Be3 Ng4 18. Bxg4 Bxg4 19. b5 Bd7 20. Rc6 Bxc6 21. dxc6 a6 22. b6 Rxc6 23. Qb4 Qb7 24. Qxa4 Rfc8 25. Nd3 Rc4 26. Qb3 Rxe4 27. Nb4 Rxb4 28. Qxb4 d5 29. Qb3 d4 30. Bd2 h6 31. a4 e4 32. a5 Bc5 33. Rc1 Be7 34. Re1 Kf8 35. Bf4 f5 36. Qe6 Rc5 37. Be5 Qc8 38. Qxc8+ Rxc8 39. b7 Rd8 40. b8=Q Rxb8 41. Bxb8 Bb4 42. Rd1 d3 43. Kf1 Kf7 44. Be5 g6 45. Rc1 Ke6 46. Bc3 1-0


[Site "https://www.chess.com"]

[Event "Titled Tuesday Blitz July 25 Early 2023"]
[White "Andreikin, Dmitry"]
[Black "Suyarov, Mukhammadzokhid"]
[WhiteFideId "4158814"]
[BlackFideId "14210495"]
[WhiteElo "3022"]
[BlackElo "2733"]
[Result "1-0"]
[Round "6"]
[TimeControl "180+2"]
[Date "2023.07.25"]
[WhiteClock "0:00:31"]
[BlackClock "0:01:52"]
[Board "36"]

1. e4 e6 2. d4 d5 3. Nc3 Nf6 4. e5 Nfd7 5. f4 c5 6. Nf3 Nc6 7. Be3 Qb6 8. Na4 Qa5+ 9. c3 b6 10. Bd2 c4 11. b4 Nxb4 12. cxb4 Bxb4 13. Qc2 Bxd2+ 14. Nxd2 b5 15. Nc3 O-O 16. Be2 b4 17. Nd1 Qb6 18. Nf3 f6 19. exf6 gxf6 20. O-O a5 21. Ne3 f5 22. Kh1 Kh8 23. g4 Nf6 24. g5 Ne4 25. Bd1 Ba6 26. Qg2 Rg8 27. Bc2 Raf8 28. Rad1 c3 29. Rg1 Qb5 30. Bxe4 fxe4 31. Ne5 Rxf4 32. g6 Rg7 33. Nf7+ 1-0


[Site "https://www.chess.com"]

[Event "Titled Tuesday Blitz July 25 Early 2023"]
[White "NikaVolkov"]
[Black "Shimanov, Aleksandr"]
[BlackFideId "4198603"]
[WhiteElo "2724"]
[BlackElo "3000"]
[Result "0-1"]
[Round "6"]
[TimeControl "180+2"]
[Date "2023.07.25"]
[WhiteClock "0:01:10"]
[BlackClock "0:01:15"]
[Board "37"]

1. d4 Nf6 2. Nf3 e6 3. c4 d5 4. e3 Be7 5. Be2 O-O 6. O-O b6 7. Nc3 Bb7 8. cxd5 exd5 9. Ne5 Nbd7 10. f4 c5 11. Bf3 Rc8 12. Kh1 a6 13. Bd2 b5 14. Be1 b4 15. Ne2 c4 16. Rc1 Nb6 17. Ng3 Ne4 18. Nxe4 dxe4 19. Bg4 Rc7 20. Be2 Bd5 21. f5 f6 22. Ng4 Bd6 23. Bd2 Qe7 24. h3 Rfc8 25. Rc2 a5 26. Qb1 a4 27. a3 c3 28. bxc3 b3 29. Rcc1 Nc4 30. Bxc4 Rxc4 31. Nf2 Bxa3 32. Rcd1 Bd6 33. Qa1 a3 34. Bc1 Rxc3 0-1


[Site "https://www.chess.com"]

[Event "Titled Tuesday Blitz July 25 Early 2023"]
[White "Svane, Rasmus"]
[Black "Kuznetsov, Felix"]
[WhiteFideId "4657101"]
[BlackFideId "34147990"]
[WhiteElo "2966"]
[BlackElo "2714"]
[Result "1/2-1/2"]
[Round "6"]
[TimeControl "180+2"]
[Date "2023.07.25"]
[WhiteClock "0:00:08"]
[BlackClock "0:00:33"]
[Board "38"]

1. Nf3 Nf6 2. g3 b5 3. Bg2 Bb7 4. d4 e6 5. Bg5 Be7 6. Qd3 a6 7. O-O Be4 8. Qd1 d6 9. Nbd2 Bb7 10. c3 Nbd7 11. a4 c5 12. axb5 axb5 13. Qb3 Qb6 14. Rxa8+ Bxa8 15. Ra1 O-O 16. e3 Bd5 17. Qc2 Ra8 18. Rxa8+ Bxa8 19. Bxf6 Nxf6 20. Ne1 Bxg2 21. Kxg2 h5 22. h3 d5 23. Nd3 c4 24. Ne5 b4 25. Ndf3 bxc3 26. bxc3 Qb3 27. Qxb3 cxb3 28. Nd2 Ne4 29. Nxe4 dxe4 30. Nc4 Bd8 31. Kf1 Ba5 32. Nd2 Bxc3 33. Nxb3 f5 34. Nc5 Kf7 35. Nd7 Ba5 36. Ne5+ Kf6 37. Ke2 g5 38. g4 hxg4 39. hxg4 Bc7 40. Nd7+ Ke7 41. Nc5 Kf6 42. Kf1 Bd6 43. Nb7 Bb8 44. Kg2 Bc7 45. Nc5 Bd6 46. Nd7+ Ke7 47. Nb6 Kf6 48. Nc4 Bc7 49. Nd2 Bd6 50. Nf1 Bc7 51. Nd2 Bd6 52. Nc4 Bc7 53. f3 exf3+ 54. Kxf3 Bb8 55. Nb6 Bc7 56. Nd7+ Ke7 57. Nc5 Kf6 58. e4 fxe4+ 59. Nxe4+ Kg6 60. Ke2 Bf4 61. Kd3 Kf7 62. Kc4 Ke7 63. Nc3 Be3 64. Ne2 Kf6 65. Ng3 Bf4 66. Ne4+ Ke7 67. Kc5 Be3 68. Kc4 Bf4 1/2-1/2


[Site "https://www.chess.com"]

[Event "Titled Tuesday Blitz July 25 Early 2023"]
[White "Maghsoodloo, Parham"]
[Black "Weetik, Vjacheslav"]
[WhiteFideId "12539929"]
[BlackFideId "4153472"]
[WhiteElo "2928"]
[BlackElo "2687"]
[Result "1-0"]
[Round "6"]
[TimeControl "180+2"]
[Date "2023.07.25"]
[WhiteClock "0:00:16"]
[BlackClock "0:00:00"]
[Board "39"]

1. d4 Nf6 2. c4 e6 3. Nf3 b6 4. Nc3 Bb7 5. a3 d5 6. Bg5 Be7 7. Qc2 Nbd7 8. Rd1 O-O 9. cxd5 Nxd5 10. Bxe7 Qxe7 11. Nxd5 Bxd5 12. e4 Bb7 13. Bb5 c5 14. Bxd7 Qxd7 15. dxc5 Qb5 16. Nd4 Qa5+ 17. Rd2 Qxc5 18. f3 Qg5 19. O-O Rac8 20. Qd1 Rfd8 21. Rff2 Qe3 22. Nc2 Qg5 23. Rxd8+ Rxd8 24. Qe1 Ba6 25. Nb4 Bb5 26. Na2 Qc5 27. Nc3 Bc4 28. h3 h6 29. Kh2 Qe5+ 30. f4 Qd4 31. e5 b5 32. Ne4 Qd1 33. Qe3 Qb1 34. Nd6 a6 35. Rd2 Bd5 36. f5 Qc1 37. f6 Qc7 38. fxg7 Kxg7 39. Qf4 Qe7 40. Rd3 Rg8 41. Rg3+ Kh7 42. Rxg8 Kxg8 43. Qxh6 Qc7 44. Qg5+ Kf8 45. Qf6 Kg8 46. h4 Bb3 47. h5 1-0


[Site "https://www.chess.com"]

[Event "Titled Tuesday Blitz July 25 Early 2023"]
[White "Mohammad Fahad, Rahman"]
[Black "Svane, Frederik"]
[WhiteFideId "10207791"]
[BlackFideId "12923044"]
[WhiteElo "2680"]
[BlackElo "2925"]
[Result "0-1"]
[Round "6"]
[TimeControl "180+2"]
[Date "2023.07.25"]
[WhiteClock "0:00:04"]
[BlackClock "0:00:13"]
[Board "40"]

1. Nf3 c6 2. d4 Nf6 3. c4 d5 4. Nc3 dxc4 5. a4 Bf5 6. Ne5 e6 7. f3 Bb4 8. h4 c5 9. dxc5 Qa5 10. Qd4 O-O 11. e4 Rd8 12. Qxc4 Bxe4 13. fxe4 Nxe4 14. Rh3 Nxc5 15. Be3 Nba6 16. Be2 Nxa4 17. Rxa4 Qxa4 18. Kf2 Qa5 19. Nb5 Bd2 20. Bd4 Rac8 21. Qd3 f6 22. Nc4 Qxb5 23. Nxd2 Qb4 24. Bg4 Rxd4 25. Bxe6+ Kh8 26. Bxc8 Rxd3 27. Rxd3 Qc5+ 28. Re3 Qxc8 29. Ne4 h6 30. Nd6 Qc2+ 31. Kf3 Qc6+ 32. Ne4 f5 0-1


[Site "https://www.chess.com"]

[Event "Titled Tuesday Blitz July 25 Early 2023"]
[White "brm72"]
[Black "Kushagra Mohan"]
[BlackFideId "25033638"]
[WhiteElo "2665"]
[BlackElo "2860"]
[Result "1/2-1/2"]
[Round "6"]
[TimeControl "180+2"]
[Date "2023.07.25"]
[WhiteClock "0:00:06"]
[BlackClock "0:00:14"]
[Board "41"]

1. e4 e5 2. Nf3 Nc6 3. d4 exd4 4. Nxd4 Nf6 5. Nxc6 bxc6 6. e5 Qe7 7. Qe2 Nd5 8. h4 Bb7 9. c4 Nb6 10. Rh3 Qe6 11. Nc3 O-O-O 12. b3 Bb4 13. Bb2 d5 14. exd6 Qxd6 15. Rd3 Qh6 16. Rxd8+ Rxd8 17. g3 Kb8 18. Rd1 Rf8 19. Bg2 Qf6 20. Rd3 c5 21. Bxb7 Kxb7 22. a3 Ba5 23. Kf1 Bxc3 24. Bxc3 Qc6 25. Qf3 f6 26. h5 h6 27. g4 Re8 28. Qxc6+ Kxc6 29. f3 Nd7 30. Kf2 Re6 31. Re3 Ne5 32. Bxe5 fxe5 33. f4 Kd6 34. Rd3+ Kc6 35. Re3 Kd6 36. Rd3+ Kc6 37. Ke3 exf4+ 38. Kxf4 a5 39. a4 Rf6+ 40. Ke5 Rf1 41. Re3 Rf6 42. Re4 Rf3 43. Ke6 Rf6+ 44. Ke7 Kb7 45. Re5 Rf4 46. Rxc5 Rxg4 47. Rxa5 Rg5 48. Rb5+ Ka7 49. Kf7 c6 50. Rxg5 hxg5 51. Kxg7 g4 52. h6 g3 53. h7 g2 54. h8=Q g1=Q+ 55. Kf7 Qf2+ 56. Qf6 Qg2 57. Qe7+ Kb8 58. Qb4+ Kc7 59. Ke6 Qe4+ 60. Kf6 Qf4+ 61. Kg7 Qg5+ 62. Kf7 Qf5+ 63. Ke8 Qg6+ 64. Kf8 Qf6+ 65. Kg8 Qg6+ 66. Kf8 Qf6+ 67. Ke8 Qh8+ 68. Ke7 Qe5+ 69. Kf7 Qf5+ 70. Ke8 Qg6+ 71. Kf8 1/2-1/2


[Site "https://www.chess.com"]

[Event "Titled Tuesday Blitz July 25 Early 2023"]
[White "Salinas Herrera, Pablo"]
[Black "Arat, Ufuk Sezen"]
[WhiteFideId "3407128"]
[BlackFideId "6309089"]
[WhiteElo "2845"]
[BlackElo "2627"]
[Result "1-0"]
[Round "6"]
[TimeControl "180+2"]
[Date "2023.07.25"]
[WhiteClock "0:01:06"]
[BlackClock "0:00:17"]
[Board "42"]

1. d4 Nf6 2. Nf3 e6 3. Bf4 d5 4. e3 Bd6 5. Nbd2 Bxf4 6. exf4 c5 7. dxc5 Qc7 8. g3 Qxc5 9. Bd3 Qc7 10. O-O Nc6 11. c3 O-O 12. Re1 b6 13. Qe2 Bb7 14. Rad1 Rae8 15. Bb1 Ne7 16. Ne5 Ng6 17. Ndf3 Ne4 18. Qe3 Nd6 19. Qd3 Nc4 20. Re2 Qc8 21. Qc2 Nd6 22. h4 Ne4 23. h5 Nxe5 24. Nxe5 Ba6 25. Re3 f5 26. Kg2 Bb7 27. Rd4 Nf6 28. Qd1 Re7 29. Bc2 Qe8 30. h6 gxh6 31. Re1 h5 32. Rh1 Rg7 33. Qe2 Bc8 34. Bd3 Ng4 35. Nf3 Qg6 36. a4 Bd7 37. Bb5 Bxb5 38. axb5 Re8 39. Ra4 Rge7 40. Ne5 Nxe5 41. Qxe5 Rg7 42. Raa1 Qh6 43. Kf1 Rf7 44. Re1 Qg7 45. Rxh5 Qxe5 46. Rxe5 Kf8 47. Rh6 Ke7 48. Rhxe6+ 1-0


[Site "https://www.chess.com"]

[Event "Titled Tuesday Blitz July 25 Early 2023"]
[White "Plotkin, Mark"]
[Black "Arabidze, Meri"]
[WhiteFideId "2611651"]
[BlackFideId "13604040"]
[WhiteElo "2811"]
[BlackElo "2615"]
[Result "1-0"]
[Round "6"]
[TimeControl "180+2"]
[Date "2023.07.25"]
[WhiteClock "0:00:14"]
[BlackClock "0:00:03"]
[Board "43"]

1. e4 c5 2. Nf3 e6 3. d4 cxd4 4. Nxd4 Nc6 5. Nc3 a6 6. a3 d6 7. f4 Bd7 8. Be3 Nf6 9. Qf3 Rc8 10. O-O-O Qc7 11. Nb3 h5 12. g3 Be7 13. Bh3 b5 14. Kb1 b4 15. axb4 Nxb4 16. Rhe1 a5 17. Qf2 Rb8 18. e5 Ng4 19. Bxg4 hxg4 20. exd6 Bxd6 21. Ne4 Be7 22. Bd4 Qxc2+ 23. Qxc2 Nxc2 24. Kxc2 Ba4 25. Re3 Rxh2+ 26. Nd2 f6 27. Kb1 Kf7 28. Rc1 Bb4 29. Nc4 Kg6 30. Nbxa5 Bxa5 31. Nxa5 Rg2 32. Nc4 Bc6 33. Bc3 Bd5 34. Nd2 Rf2 35. Ne4 Rg2 36. Nc5 Rc8 37. Nxe6 Bxe6 38. Rxe6 Rxg3 39. Re4 Rf3 40. Rg1 g3 41. Re7 Kf5 42. Rxg7 Kxf4 43. Bxf6 Ke3 44. R7xg3 Kf2 45. Rxf3+ Kxf3 46. Rc1 Rf8 47. Rc6 Ke4 48. Bc3 Kd5 49. Rh6 Rf1+ 50. Ka2 Kc4 51. Rh4+ Kd3 52. Kb3 Ra1 53. Rd4+ Ke2 54. Rd8 1-0


[Site "https://www.chess.com"]

[Event "Titled Tuesday Blitz July 25 Early 2023"]
[White "Lenaerts, Lennert"]
[Black "Putnam, Liam"]
[WhiteFideId "211435"]
[BlackFideId "30938279"]
[WhiteElo "2626"]
[BlackElo "2807"]
[Result "1-0"]
[Round "6"]
[TimeControl "180+2"]
[Date "2023.07.25"]
[WhiteClock "0:00:13"]
[BlackClock "0:00:03"]
[Board "44"]

1. d4 Nf6 2. c4 d6 3. Nc3 Nbd7 4. e4 e5 5. Nf3 Be7 6. g3 exd4 7. Nxd4 Ne5 8. Be2 Bh3 9. f4 Nc6 10. Nxc6 bxc6 11. Bf1 Bg4 12. Be2 Bh3 13. Bf1 Qd7 14. Bxh3 Qxh3 15. Qf3 h5 16. Be3 Ng4 17. O-O-O O-O 18. Ne2 Nxe3 19. Qxe3 Bf6 20. Nd4 c5 21. Nb5 Rab8 22. b3 Rb7 23. e5 dxe5 24. fxe5 Re8 25. Qf3 Bg5+ 26. Kb1 Rb6 27. Rhe1 Re7 28. Rd8+ Kh7 29. Qe4+ f5 30. Qa8 Qxh2 31. Rh8+ Kg6 32. Qg8 Qd2 33. Qh7+ Kf7 34. Qxh5+ Ke6 35. Rd1 Qe3 36. Nxc7+ Kxe5 37. Nd5 Ke4 38. Nxe3 Bxe3 39. Rf8 Rf6 40. Rxf6 gxf6 41. Rf1 Kd4 42. Qxf5 Kc3 43. Qc2+ Kb4 44. Re1 Re5 45. Rxe3 Rxe3 46. Qd2+ Rc3 47. Kb2 f5 48. Qxc3# 1-0


[Site "https://www.chess.com"]

[Event "Titled Tuesday Blitz July 25 Early 2023"]
[White "Mamedov, Edgar"]
[Black "Elsa167"]
[WhiteFideId "13739980"]
[WhiteElo "2608"]
[BlackElo "2785"]
[Result "1-0"]
[Round "6"]
[TimeControl "180+2"]
[Date "2023.07.25"]
[WhiteClock "0:00:09"]
[BlackClock "0:00:00"]
[Board "45"]

1. d4 f5 2. g3 Nf6 3. Bg2 g6 4. Nf3 Bg7 5. O-O O-O 6. c4 d6 7. Nc3 Qe8 8. b3 Nc6 9. Re1 e5 10. dxe5 dxe5 11. e4 fxe4 12. Ng5 Nd4 13. Ncxe4 Nxe4 14. Bxe4 h6 15. Bd5+ Kh8 16. Nf7+ Rxf7 17. Qxd4 exd4 18. Rxe8+ Rf8 19. Rxf8+ Bxf8 20. Bb2 c5 21. Re1 Bd7 22. Bxb7 Rb8 23. Bd5 a5 24. Bc1 g5 25. h4 gxh4 26. Bf4 Rb6 27. Be5+ Kh7 28. gxh4 Bf5 29. Kh2 Be7 30. Bc7 Bd6+ 31. Bxd6 Rxd6 32. Kg3 Kg6 33. Kf4 Kf6 34. Re8 Bb1 35. Rf8+ Ke7 36. Rf7+ Kd8 37. Ra7 Rf6+ 38. Ke5 Rxf2 39. Kd6 Rf6+ 40. Be6 Be4 41. Rg7 Rg6 42. Rxg6 Bxg6 43. Kxc5 d3 44. Bg4 d2 45. Bd1 a4 46. Kd4 axb3 47. axb3 Bh5 48. Bxh5 1-0


[Site "https://www.chess.com"]

[Event "Titled Tuesday Blitz July 25 Early 2023"]
[White "Ozates, Tuna"]
[Black "Pakleza, Zbigniew"]
[WhiteFideId "6354521"]
[BlackFideId "1119290"]
[WhiteElo "2590"]
[BlackElo "2781"]
[Result "0-1"]
[Round "6"]
[TimeControl "180+2"]
[Date "2023.07.25"]
[WhiteClock "0:00:41"]
[BlackClock "0:01:33"]
[Board "46"]

1. e4 d6 2. d4 Nf6 3. Nc3 c6 4. f4 Qb6 5. e5 Nd5 6. Nxd5 cxd5 7. c3 Bf5 8. Bd3 g6 9. Nf3 e6 10. a4 Nc6 11. b4 Be7 12. a5 Qc7 13. Bxf5 gxf5 14. Bd2 a6 15. Qe2 Na7 16. O-O Rc8 17. exd6 Bxd6 18. Ne5 Nb5 19. Rac1 Na3 20. Rfe1 Nc4 21. Be3 h5 22. Bf2 h4 23. Qf3 Be7 24. Nd3 Nd6 25. g4 hxg3 26. Qg4 fxg4 0-1


[Site "https://www.chess.com"]

[Event "Titled Tuesday Blitz July 25 Early 2023"]
[White "Kosteniuk, Alexandra"]
[Black "Ilkhomi, Jaloliddin"]
[WhiteFideId "4128125"]
[BlackFideId "14700948"]
[WhiteElo "2777"]
[BlackElo "2582"]
[Result "1-0"]
[Round "6"]
[TimeControl "180+2"]
[Date "2023.07.25"]
[WhiteClock "0:00:05"]
[BlackClock "0:00:00"]
[Board "47"]

1. e4 e6 2. d4 d5 3. exd5 exd5 4. Nf3 Bd6 5. c4 c6 6. cxd5 cxd5 7. Nc3 Ne7 8. Bb5+ Nbc6 9. O-O O-O 10. Bg5 f6 11. Bh4 Bg4 12. Be2 Qd7 13. Bg3 Bxg3 14. hxg3 Rfe8 15. Re1 a6 16. Rc1 Rac8 17. Na4 Qd6 18. Nc5 Rc7 19. a3 Nf5 20. b4 Bxf3 21. Bxf3 Rxe1+ 22. Qxe1 Re7 23. Qd2 Nfxd4 24. Rc3 Nxf3+ 25. Rxf3 d4 26. Rf4 Qd5 27. Qd3 Qh5 28. Rh4 Qg6 29. Qc4+ Qf7 30. Qc2 f5 31. Nxb7 g5 32. Rh6 Nxb4 33. axb4 Rxb7 34. Rxa6 Re7 35. Qd2 f4 36. Ra8+ Kg7 37. Qxd4+ Kh6 38. Ra6+ Kh5 39. Qd1+ g4 40. Ra5+ Kg6 41. gxf4 Qxf4 42. Rd5 Kf7 43. Rd4 Qf6 44. Rxg4 Qe6 45. Rf4+ Ke8 46. Rd4 Kf7 47. Qf3+ Ke8 48. Qa8+ Kf7 49. Rf4+ Kg7 50. Qf8+ Kg6 51. Rf3 Qe1+ 52. Kh2 Qe5+ 53. Rg3+ Kh5 54. Qf3+ Kh6 55. Qf8+ Kh5 56. Qg8 Qf5 57. Rh3+ Qxh3+ 58. gxh3 1-0


[Site "https://www.chess.com"]

[Event "Titled Tuesday Blitz July 25 Early 2023"]
[White "Ambartsumova, Karina"]
[Black "Vakhlamov, Igor L."]
[WhiteFideId "4166299"]
[BlackFideId "24126748"]
[WhiteElo "2563"]
[BlackElo "2769"]
[Result "0-1"]
[Round "6"]
[TimeControl "180+2"]
[Date "2023.07.25"]
[WhiteClock "0:00:08"]
[BlackClock "0:00:05"]
[Board "48"]

1. c4 e6 2. Nf3 d5 3. e3 Nf6 4. Nc3 c5 5. cxd5 exd5 6. d4 Nc6 7. Be2 Bd6 8. O-O O-O 9. dxc5 Bxc5 10. b3 Bg4 11. Bb2 Re8 12. Nb5 Ne4 13. Nbd4 Rc8 14. Rc1 Bb6 15. Nxc6 bxc6 16. Ne5 Bxe2 17. Qxe2 Qd6 18. Qg4 f6 19. Nd3 Rc7 20. Rfd1 Rce7 21. h4 a5 22. Rc2 a4 23. b4 Rc7 24. Rdc1 Rf8 25. Nf4 f5 26. Qe2 Rfc8 27. Qd3 Qxb4 28. Ne6 Re7 29. Rxc6 Rxc6 30. Rxc6 Qxb2 31. Qxd5 Qxf2+ 32. Kh2 Qxh4+ 33. Kg1 Bxe3+ 34. Kf1 Qf2# 0-1


[Site "https://www.chess.com"]

[Event "Titled Tuesday Blitz July 25 Early 2023"]
[White "Wagner, Dennis"]
[Black "Itkis, Boris"]
[WhiteFideId "24650684"]
[BlackFideId "1209167"]
[WhiteElo "2764"]
[BlackElo "2476"]
[Result "1-0"]
[Round "6"]
[TimeControl "180+2"]
[Date "2023.07.25"]
[WhiteClock "0:00:05"]
[BlackClock "0:00:00"]
[Board "49"]

1. d4 d5 2. Nf3 Nf6 3. c4 e6 4. g3 dxc4 5. Bg2 Nc6 6. O-O Rb8 7. Nc3 b5 8. Ne5 Nxe5 9. dxe5 Nd7 10. Qd4 c5 11. Qf4 Qc7 12. Rd1 a6 13. a4 b4 14. Ne4 Nxe5 15. Nf6+ gxf6 16. Qxf6 Rg8 17. Bf4 Bg7 18. Bxe5 Bxf6 19. Bxc7 Rb7 20. Bc6+ Kf8 21. Bxb7 Bxb7 22. Bd6+ Kg7 23. Bxc5 Bxb2 24. Rab1 c3 25. Rxb2 cxb2 26. Bxb4 Rc8 27. Ba3 Rc2 28. Rb1 Bc6 29. Bxb2+ Kg6 30. a5 Rxe2 31. Bd4 Be4 32. Ra1 Kf5 33. Bb6 Kg4 34. Rc1 h5 35. h4 f5 36. Kh2 f4 37. Rg1 f3 38. Rc1 Bd5 39. Rd1 Rb2 40. Rd4+ Kf5 41. Rf4+ Kg6 42. Bd4 Rb5 43. Rf6+ Kh7 44. Bb6 Rb2 45. Rf7+ Kg6 46. Rf8 Kg7 47. Rb8 Kg6 48. Rc8 Kf5 49. Rf8+ Kg6 50. Rg8+ Kf7 51. Rg5 Be4 52. Rxh5 Bf5 53. Rg5 Kf6 54. g4 1-0


[Site "https://www.chess.com"]

[Event "Titled Tuesday Blitz July 25 Early 2023"]
[White "Remizov, Yaroslav"]
[Black "Xu, Yi"]
[WhiteFideId "34134015"]
[BlackFideId "8605564"]
[WhiteElo "2757"]
[BlackElo "2733"]
[Result "0-1"]
[Round "6"]
[TimeControl "180+2"]
[Date "2023.07.25"]
[WhiteClock "0:00:17"]
[BlackClock "0:00:35"]
[Board "50"]

1. e4 c6 2. d4 d5 3. e5 c5 4. dxc5 e6 5. Nf3 Bxc5 6. a3 Ne7 7. Bd3 Ng6 8. O-O Nc6 9. b4 Be7 10. Bb2 Nf4 11. Re1 Nxd3 12. Qxd3 O-O 13. c4 dxc4 14. Qxc4 Qd5 15. Qe2 Rd8 16. Nc3 Qd3 17. Qxd3 Rxd3 18. Rad1 Rxd1 19. Rxd1 b6 20. Ne4 Ba6 21. Rc1 Rc8 22. Nd6 Bxd6 23. exd6 Nb8 24. Rc7 Rxc7 25. dxc7 Nd7 26. Nd4 Ne5 27. Nb5 Nc6 28. Nd6 Ne7 29. b5 Nc8 30. bxa6 Nxd6 31. Bd4 Nc8 32. a4 f6 33. Kf1 Kf7 34. Bc3 Ke7 35. a5 b5 36. Bd4 Kd7 37. Bb6 axb6 38. a7 Nxa7 39. axb6 Nc8 40. b7 Kxc7 41. bxc8=Q+ Kxc8 42. Ke2 Kc7 43. Kf3 Kd6 44. Kg3 b4 45. Kh4 b3 46. Kh5 b2 47. g4 b1=Q 48. f4 Qd3 49. h4 Qg6# 0-1


[Site "https://www.chess.com"]

[Event "Titled Tuesday Blitz July 25 Early 2023"]
[White "Attacker_2006"]
[Black "Morefield, Jason"]
[BlackFideId "30920825"]
[WhiteElo "2419"]
[BlackElo "2744"]
[Result "0-1"]
[Round "6"]
[TimeControl "180+2"]
[Date "2023.07.25"]
[WhiteClock "0:00:00"]
[BlackClock "0:00:41"]
[Board "51"]

1. e4 d6 2. d4 Nf6 3. Nc3 g6 4. f4 Bg7 5. Nf3 c5 6. dxc5 Qa5 7. Bd3 Qxc5 8. Qe2 O-O 9. Be3 Qa5 10. O-O Bg4 11. h3 Bxf3 12. Rxf3 Nc6 13. Raf1 a6 14. a3 b5 15. Qf2 Rab8 16. g4 b4 17. axb4 Qxb4 18. g5 Nd7 19. Nd5 Qxb2 20. f5 e6 21. f6 exd5 22. fxg7 Qxg7 23. exd5 Nce5 24. Rf6 Nxd3 25. cxd3 Ne5 26. Bd4 Rbd8 27. Qg3 Rfe8 28. Re1 Nf3+ 29. Qxf3 Rxe1+ 30. Kg2 Rde8 31. Rf4 R8e2+ 32. Kg3 Qf8 33. h4 Qe7 34. h5 Re3 35. Bxe3 Rxe3 36. h6 Qxg5+ 0-1


[Site "https://www.chess.com"]

[Event "Titled Tuesday Blitz July 25 Early 2023"]
[White "Ruge, Edison"]
[Black "Mahdavi, Reza"]
[WhiteFideId "4401000"]
[BlackFideId "12595926"]
[WhiteElo "2250"]
[BlackElo "2738"]
[Result "0-1"]
[Round "6"]
[TimeControl "180+2"]
[Date "2023.07.25"]
[WhiteClock "0:00:02"]
[BlackClock "0:01:39"]
[Board "52"]

1. e4 c5 2. Nf3 d6 3. d3 Nf6 4. Nbd2 g6 5. g3 Bg7 6. Bg2 Nc6 7. h4 Bg4 8. O-O O-O 9. c3 Rb8 10. Qc2 b5 11. Re1 Nd7 12. Nh2 Be6 13. f4 Qb6 14. Kh1 Nf6 15. Qd1 Nh5 16. Qf3 b4 17. g4 bxc3 18. bxc3 Bxc3 19. Rb1 Qxb1 20. Nxb1 Bxe1 21. gxh5 Rxb1 22. Qd1 Bxh4 23. Qc2 Rfb8 24. Nf3 Bf6 25. Kh2 Bg4 26. Qa4 Bxf3 27. Qxc6 Bxg2 28. Be3 R1b2 29. Kg3 gxh5 30. Qd7 h4+ 31. Kg4 h3 32. e5 h2 33. exf6 Bh3+ 34. Kxh3 h1=Q+ 35. Kg4 Rg2+ 36. Kf3 Rg5+ 37. Kf2 Rb2+ 38. Bd2 Qg2+ 39. Ke3 Qxd2+ 40. Ke4 Qe2# 0-1


[Site "https://www.chess.com"]